 Dungeon Crawl Stone Soup version 0.29-a0-723-gce39da1c22 (webtiles) character file.

Game seed: 2300959840938779204

156611 HoaS the Markstengu (level 17, -3/119 HPs)
             Began as a Tengu Hunter on June 27, 2022.
             Was the Champion of Okawaru.
             Succumbed to a redback's poison
             ... on level 4 of the Spider Nest on June 28, 2022.
             The game lasted 01:28:32 (40635 turns).

HoaS the Markstengu (Tengu Hunter)                 Turns: 40635, Time: 01:28:33

Health: -3/119     AC: 13    Str: 12    XL:     17   Next: 67%
Magic:  25/25      EV: 58    Int: 14    God:    Okawaru [******]
Gold:   3539       SH:  0    Dex: 30    Spells: 16/16 levels left

rFire   . . .      SeeInvis .   (no weapon)
rCold   . . .      Faith    .   (no shield)
rNeg    . . .      Spirit   .   D - +5 steam dragon scales
rPois   .          Reflect  .   (helmet restricted)
rElec   +          Harm     .   h - +2 cloak
rCorr   +          Rampage  .   (no gloves)
Will    +....                   (boots unavailable)
Stlth   +++.......              M - amulet of the acrobat
HPRegen 0.29/turn               s - +6 ring of dexterity
MPRegen 0.19/turn               f - ring of Doubt {rElec rCorr EV+4 Int+3}

@: lethally poisoned (-3 -> -62), acrobatic, flying quickly and evasively, quick
A: beak, talons 3, nimble flight
a: Renounce Religion, Heroism, Finesse, Duel


You were on level 4 of the Spider Nest.
You worshipped Okawaru.
Okawaru was exalted by your worship.
You visited 5 branches of the dungeon, and saw 28 of its levels.
You also visited: Bailey.

You collected 5884 gold pieces.
You spent 2345 gold pieces at shops.

Inventory:

Hand Weapons
 n - a +0 arbalest of freezing
 O - a +0 vorpal longbow
Missiles
 H - 7 throwing nets
Armour
 h - a +2 cloak (worn)
 D - +5 steam dragon scales (worn)
Jewellery
 d - a ring of willpower
 f - the ring of Doubt (right hand) {rElec rCorr EV+4 Int+3}
   (You acquired it on level 5 of the Lair of Beasts)

   [ring of evasion]

   EV:        It affects your evasion (+4).
   Int:       It affects your intelligence (+3).
   rElec:     It insulates you from electricity.
   rCorr:     It protects you from acid and corrosion.
 g - a ring of protection from fire
 p - a ring of poison resistance
 s - a +6 ring of dexterity (left hand)
 u - a ring of fire
 z - a ring of willpower
 K - a ring of ice
 M - an amulet of the acrobat (around neck)
Wands
 o - a wand of mindburst (23)
 t - a wand of quicksilver (12)
 A - a wand of digging (7)
Scrolls
 a - 3 scrolls of brand weapon
 b - 4 scrolls of immolation
 e - 5 scrolls of fear
 m - 12 scrolls of teleportation
 q - 6 scrolls of fog
 r - 3 scrolls of vulnerability
 w - 2 scrolls of poison
 C - a scroll of silence
 L - 2 scrolls of blinking
 N - 2 scrolls of enchant armour
 P - 2 scrolls of enchant weapon
 R - a scroll of magic mapping
Potions
 c - 6 potions of ambrosia
 j - 7 potions of mutation
 k - a potion of resistance
 l - 13 potions of curing
 v - a potion of cancellation
 x - 4 potions of attraction
 B - 5 potions of berserk rage
 E - 4 potions of haste
 F - 5 potions of invisibility
 G - 2 potions of might


   Skills:
 - Level 18.0 Fighting
 + Level 19.5 Ranged Weapons
 - Level 18.0 Dodging
 - Level 1.0 Stealth
 - Level 9.5 Invocations


You had 16 spell levels left.
You didn't know any spells.
Your spell library contained the following spells:

 Spells                   Type           Power      Damage    Failure   Level
 Sandblast                Erth           0%         2d4       28%         1
 Shock                    Conj/Air       0%         1d3       28%         1
 Sting                    Tmut/Pois      0%         1d3       28%         1
 Passwall                 Tmut/Erth      0%         N/A       41%         2
 Poisonous Vapours        Pois/Air       0%         N/A       41%         2
 Scorch                   Fire           0%         2d5       41%         2
 Dazzling Flash           Conj/Hex       0%         N/A       65%         3
 Stone Arrow              Conj/Erth      0%         3d7       65%         3
 Swiftness                Air            0%         N/A       65%         3
 Airstrike                Air            0%         N/A       96%         4
 Corpse Rot               Necr/Pois/Air  0%         N/A       96%         4
 Dispel Undead            Necr           0%         3d6       96%         4
 Flame Wave               Conj/Fire      0%         2d4       96%         4
 Fulminant Prism          Conj/Hex       0%         3d6       96%         4
 Iskenderun's Mystic Bla  Conj/Tloc      0%         2d3       96%         4
 Leda's Liquefaction      Hex/Erth       0%         N/A       96%         4
 Olgreb's Toxic Radiance  Pois           0%         N/A       96%         4
 Agony                    Necr           0%         N/A       100%        5
 Freezing Cloud           Conj/Ice/Air   0%         6-21      100%        5
 Lee's Rapid Deconstruct  Erth           0%         3d5*      100%        5
 Silence                  Hex/Air        0%         N/A       100%        5
 Conjure Ball Lightning   Conj/Air       0%         3x3d6     100%        6
 Statue Form              Tmut/Erth      0%         N/A       100%        6
 Death Channel            Necr           Unusable   N/A       N/A         6
 Summon Cactus Giant      Summ           Unusable   N/A       N/A         6
 Monstrous Menagerie      Summ           Unusable   N/A       N/A         7

Dungeon Overview and Level Annotations

Branches:
Dungeon (15/15)            Temple (1/1) D:7            Lair (6/6) D:9
  Swamp (0/4) Lair:4       Spider (4/4) Lair:2        Slime (0/5) Lair:5
    Orc (2/2) D:10            Elf (0/3) Orc:2        Vaults (0/5) D:13
 Depths (0/4) D:15         Bailey (visited)

Altars:
Ashenzari
Cheibriados
Dithmenos
Elyvilon
Fedhas
Gozag
Hepliaklqana
Kikubaaqudgha
Makhleb
Okawaru
Qazlal
Ru
Sif Muna
Trog
Uskayaw
Vehumet
Wu Jian
Xom
Yredelemnul
Zin
The Shining One
Beogh
Jiyva

Shops:
D:2 ?   D:3 (   D:4 (*?*!*   D:9 ?   Orc:2 ?*[:

Annotations:
D:4 Duvessa
Spider:1 1 runed translucent door, Gipecil's ghost, adept MiFi


Innate Abilities, Weirdness & Mutations

You have a beak for a mouth.
You have claws for feet.
Your magical nature lets you fly swiftly and evasively.


Message History

The redback completely misses you. The jumping spider barely misses you.
The jumping spider completely misses you.
The culicivora completely misses you. The redback completely misses you. x2
The jumping spider leaps!
The culicivora completely misses you. The redback completely misses you.
The redback completely misses you.
The jumping spider leaps!
The culicivora completely misses you. The redback completely misses you. x2
The jumping spider leaps!
The culicivora completely misses you. The redback completely misses you. x2
The culicivora completely misses you. The redback misses you.
The redback completely misses you. The culicivora completely misses you.
The redback completely misses you. x2
The culicivora completely misses you. The redback completely misses you. x2
The jumping spider leaps!
The culicivora completely misses you. The redback misses you.
The redback completely misses you. The culicivora barely misses you.
The redback completely misses you. x2
The culicivora completely misses you. The redback completely misses you. x2
The culicivora completely misses you.
The redback bites you but does no damage.
The redback completely misses you. The culicivora completely misses you.
The redback completely misses you. x2
The culicivora misses you. The redback completely misses you. x2
The culicivora completely misses you. The redback completely misses you.
The redback misses you. The culicivora completely misses you.
The redback completely misses you. x2
The culicivora closely misses you. The redback completely misses you.
The redback bites you.
* * * LOW HITPOINT WARNING * * *
You are lethally poisoned!
The redback poisons you! The culicivora completely misses you.
The redback bites you.
* * * LOW HITPOINT WARNING * * *
You are more poisoned.
The redback poisons you!
* * * LOW HITPOINT WARNING * * *
You feel extremely sick. The redback completely misses you.
The jumping spider leaps!
The culicivora completely misses you. The redback completely misses you. x2
You die...

#.^.#.#≈^....
#≈###^###.s..
#.≈##...## s..
#^##.....##^..
#≈^...........
#^##.sss○##...
# ##yss## ..
##s## . #@#
#...ss......
#...........
#.....s...^^
#.........##
##..^.....#
##.....^##
#^......


You could see a spark wasp, an orb spider, 2 culicivoras, 3 tarantellas and 3
redbacks.

Vanquished Creatures
  A frost giant (D:15)
  2 orc warlords (Orc:2)
  An emperor scorpion (Spider:3)
  A ghost moth (Spider:3)
  A broodmother (Spider:3)
  4 entropy weavers
  5 spark wasps
  The ghost of Laemies the Protected, a journeyman DsAK of Lugonu (Orc:1)
  Josephine (D:13)
  4 vault guards (D:12)
  Harold (Orc:1)
  The ghost of olaf the Cleaver, a journeyman GnWn of Okawaru (D:10)
  5 hydras
  2 ogre magi (D:15)
  3 jorogumos (Spider:3)
  8 boulder beetles
  A radroach (Spider:3)
  2 catoblepae
  2 centaur warriors
  11 two-headed ogres
  11 death yaks
  3 tengu warriors
  Urug (D:10)
  5 orc high priests
  Nergalle (Lair:1)
  A deep elf knight (D:14)
  Amaemon (D:10)
  3 skeletal warriors (D:14)
  A sea snake (shapeshifter) (D:12)
  2 pharaoh ants
  Lodul (D:13)
  4 steelbarb worms
  2 lindwurms
  A wizard (D:14)
  Pikel (D:5)
  9 ugly things
  5 cyclopes
  8 orc knights
  2 deep elf pyromancers (D:13)
  16 wolf spiders
  A manticore (D:13)
  4 orc sorcerers
  2 rust devils (D:11)
  3 moths of wrath (Spider:3)
  16 elephants
  6 black mambas
  A smoke demon (D:11)
  2 orange demons
  14 cane toads
  A gargoyle (D:10)
  4 kobold demonologists
  2 torpor snails
  Psyche (D:8)
  An efreet (D:14)
  6 rime drakes
  4 demonic crawlers
  An ice devil (D:11)
  14 komodo dragons
  A tengu conjurer (D:14)
  5 trolls
  A queen bee (Lair:1)
  8 polar bears
  A meliai (D:14)
  6 hornets
  Prince Ribbit (D:5)
  A merfolk (shapeshifter) (D:14)
  14 blink frogs
  19 tarantellas
  23 slime creatures
  A dream sheep (Lair:6)
  17 jumping spiders
  A centaur simulacrum (D:14)
  A culicivora (shapeshifter) (D:13)
  11 spriggans (Lair:6)
  10 culicivoras
  3 shadows
  6 wraiths
  6 wyverns
  Eustachio (D:5)
  A human (shapeshifter) (D:14)
  67 yaks
  5 steam dragons
  5 basilisks
  38 redbacks
  A chaos spawn (D:11)
  A neqoxec (D:11)
  9 vampire mosquitoes
  2 wargs (Orc:2)
  Edmund (D:6)
  2 acid dragons
  15 water moccasins
  2 black bears (Lair:6)
  An ice beast (D:3)
  40 orc warriors
  27 ogres
  4 boggarts
  4 centaurs
  27 wolves
  A phantom (D:6)
  A lemure (D:5)
  6 kobold brigands
  13 bullfrogs
  2 gnoll sergeants
  A necrophage (D:6)
  4 scorpions
  Dowan (D:4)
  48 killer bees
  5 howler monkeys
  4 electric eels
  2 jellies
  27 orc priests
  2 gnoll shamans
  A hound (D:6)
  17 orc wizards
  6 hell rats (Lair:3)
  Robin (D:3)
  30 gnolls
  4 adders
  An ufetubus (D:6)
  3 worms (D:2)
  3 dart slugs
  118 orcs
  6 ball pythons
  6 endoplasms
  2 giant cockroaches
  22 goblins
  13 hobgoblins
  4 jackals (D:3)
  2 quokkas
  4 bats
  3 frilled lizards
  32 kobolds
  5 rats
1007 creatures vanquished.

Vanquished Creatures (others)
  A human (D:7)
  An orc priest (Orc:2)
  A bush (Lair:6)
  4 demonic plants (D:11)
  46 fungi
  81 plants
  2 withered plants (Orc:1)
136 creatures vanquished.

Grand Total: 1143 creatures vanquished

Notes
Turn   | Place    | Note
-------+----------+-------------------------------------------
     0 | D:1      | HoaS the Tengu Hunter began the quest for the Orb.
     0 | D:1      | Reached XP level 1. HP: 12/12 MP: 2/2
    95 | D:1      | Reached skill level 5 in Ranged Weapons
    95 | D:1      | Reached XP level 2. HP: 2/17 MP: 3/3
   594 | D:1      | Found a faded altar of an unknown god.
   882 | D:1      | Reached XP level 3. HP: 21/21 MP: 4/4
   910 | D:1      | You fall into a shaft and drop 1 floor!
  1615 | D:2      | Reached skill level 6 in Ranged Weapons
  1615 | D:2      | Reached XP level 4. HP: 26/26 MP: 5/5
  1860 | D:2      | Found Xipa Ota's Magic Scroll Shop.
  1868 | D:2      | Bought a scroll of identify for 20 gold pieces
  1868 | D:2      | Bought a scroll of teleportation for 30 gold pieces
  1868 | D:2      | Bought a scroll of teleportation for 30 gold pieces
  1868 | D:2      | Bought a scroll of enchant weapon for 75 gold pieces
  2102 | D:3      | Noticed Robin
  2136 | D:3      | Killed Robin
  2137 | D:3      | Gained mutation: Your magical nature lets you fly swiftly
                  | and evasively. [Tengu growth]
  2137 | D:3      | Reached XP level 5. HP: 23/30 MP: 6/6
  2312 | D:3      | Found Ziedugh's Weapon Boutique.
  2476 | D:3      | Reached skill level 7 in Ranged Weapons
  2507 | D:3      | Found a blossoming altar of Fedhas.
  2521 | D:3      | Noticed an ice beast
  2574 | D:3      | Killed an ice beast
  2575 | D:3      | Reached XP level 6. HP: 25/35 MP: 7/7
  2749 | D:3      | Reached skill level 8 in Ranged Weapons
  2962 | D:4      | Noticed Duvessa
  3415 | D:4      | Found Waats's Neck Hole.
  3475 | D:4      | Found Unwabb's Assorted Antiques.
  3520 | D:4      | Found Peydgh's Magic Scroll Shoppe.
  3557 | D:4      | Found Bycuuf's Antique Weapon Emporium.
  3678 | D:4      | Reached skill level 9 in Ranged Weapons
  3678 | D:4      | Reached XP level 7. HP: 39/40 MP: 8/8
  3716 | D:4      | Found a bloodstained altar of Trog.
  3800 | D:4      | Noticed Dowan
  3817 | D:4      | Killed Dowan
  3954 | D:4      | Found Weckargh's General Store.
  4112 | D:4      | Found Raifi's Distillery.
  4169 | D:4      | Bought a +1 cloak for 115 gold pieces
  4208 | D:5      | Entered Level 5 of the Dungeon
  4385 | D:5      | Noticed Eustachio
  4417 | D:5      | Killed Eustachio
  4418 | D:5      | Reached skill level 10 in Ranged Weapons
  4533 | D:5      | Noticed Pikel
  4560 | D:5      | Killed Pikel
  4561 | D:5      | Reached skill level 11 in Ranged Weapons
  4561 | D:5      | Reached XP level 8. HP: 17/44 MP: 3/9
  4947 | D:5      | Noticed Prince Ribbit
  4969 | D:5      | Killed Prince Ribbit
  4970 | D:5      | Reached skill level 12 in Ranged Weapons
  5866 | D:6      | Reached XP level 9. HP: 48/48 MP: 10/10
  5893 | D:6      | Reached skill level 13 in Ranged Weapons
  6335 | D:6      | Noticed Edmund
  6344 | D:6      | Killed Edmund
  6345 | D:6      | Identified the +1 long sword "Yrphip" {vorpal, rF- Will+
                  | Int+4}
  6637 | D:7      | Found an ancient bone altar of Kikubaaqudgha.
  6748 | D:7      | Reached skill level 14 in Ranged Weapons
  6995 | D:7      | HP: 1/48 [orc warrior/+0 battleaxe (13)]
  7338 | D:7      | Found a staircase to the Ecumenical Temple.
  7380 | Temple   | Entered the Ecumenical Temple
  8324 | D:8      | Found an iron altar of Okawaru.
  8403 | D:8      | Became a worshipper of Warmaster Okawaru
  8670 | D:8      | Reached skill level 1 in Invocations
  8983 | D:8      | Noticed Psyche
  8994 | D:8      | Killed Psyche
  8994 | D:8      | Reached * piety under Okawaru
  8995 | D:8      | Reached skill level 15 in Ranged Weapons
  8995 | D:8      | Reached XP level 10. HP: 44/53 MP: 8/12
  9299 | D:9      | Found Jatsui's Magic Scroll Emporium.
  9688 | D:8      | Reached skill level 16 in Ranged Weapons
  9693 | D:8      | Reached ** piety under Okawaru
  9794 | D:9      | Found a staircase to the Lair.
 10250 | D:9      | Noticed a two-headed ogre
 10874 | D:9      | Killed a two-headed ogre
 10874 | D:9      | Reached *** piety under Okawaru
 10875 | D:9      | Reached skill level 5 in Dodging
 11055 | D:10     | Entered Level 10 of the Dungeon
 11113 | D:10     | Reached XP level 11. HP: 56/62 MP: 13/15
 11123 | D:10     | Found a flagged portal.
 11135 | Bailey   | Entered a bailey
 12361 | D:9      | Reached skill level 5 in Fighting
 12819 | D:9      | Identified the +12 chain mail of Yssar {Int+3}
 12917 | Lair:1   | Entered Level 1 of the Lair of Beasts
 12990 | D:9      | Reached **** piety under Okawaru
 13691 | Lair:1   | Reached skill level 5 in Invocations
 14122 | Lair:1   | Reached ***** piety under Okawaru
 14151 | Lair:1   | Noticed Nergalle
 14179 | Lair:1   | Killed Nergalle
 14534 | D:3      | Bought a +5 shortbow of flaming for 388 gold pieces
 15017 | Lair:1   | Received a gift from Okawaru
 15111 | Lair:2   | Reached XP level 12. HP: 56/73 MP: 12/17
 15702 | Lair:2   | Found a hole to the Spider Nest.
 16196 | Lair:3   | Reached skill level 10 in Dodging
 16622 | Lair:3   | Reached ****** piety under Okawaru
 16857 | Lair:3   | Noticed an eight-headed hydra
 17010 | Lair:2   | Received a gift from Okawaru
 17020 | Lair:2   | Killed an eight-headed hydra
 17020 | Lair:2   | Received a gift from Okawaru
 17021 | Lair:2   | Reached skill level 10 in Fighting
 17382 | Lair:3   | Reached XP level 13. HP: 82/82 MP: 19/19
 18122 | Lair:4   | Found a staircase to the Swamp.
 19399 | Lair:5   | Received a gift from Okawaru
 19807 | Lair:5   | Found a viscous altar of Jiyva.
 19807 | Lair:5   | Found a staircase to the Slime Pits.
 19852 | Lair:5   | Identified a scroll of acquirement
 19852 | Lair:5   | Acquired the ring of Doubt {rElec rCorr EV+4 Int+3}
 19888 | Lair:6   | Entered Level 6 of the Lair of Beasts
 20021 | Lair:6   | Reached XP level 14. HP: 87/92 MP: 19/21
 20401 | Lair:5   | Identified the +2 buckler of a bailey {rN+} (Okawaru gifted
                  | it to you on level 5 of the Lair of Beasts)
 20401 | Lair:5   | Received a gift from Okawaru
 20864 | Lair:6   | Identified the +5 scale mail "Veamic" {Will++ rCorr}
 20884 | Lair:6   | Acquired 1217 gold pieces
 21128 | D:4      | Bought a scroll of enchant armour for 90 gold pieces
 21213 | D:9      | Bought a scroll of acquirement for 780 gold pieces
 21213 | D:9      | Acquired 744 gold pieces
 22472 | D:10     | Found a staircase to the Orcish Mines.
 22500 | D:10     | Found a glowing golden altar of the Shining One.
 22537 | D:10     | Noticed Urug
 22557 | D:10     | Killed Urug
 22558 | D:10     | Reached skill level 15 in Dodging
 22706 | D:10     | Received a gift from Okawaru
 22878 | D:10     | Noticed Amaemon
 22888 | D:10     | Killed Amaemon
 22903 | D:10     | Found a hazy altar of Hepliaklqana.
 22909 | D:10     | Noticed olaf's ghost (journeyman GnWn)
 22912 | D:10     | Found a runed translucent door.
 22991 | D:10     | Found a shimmering altar of Xom.
 23182 | D:10     | Killed olaf's ghost
 23183 | D:10     | Reached XP level 15. HP: 60/100 MP: 23/23
 23193 | D:10     | Acquired 545 gold pieces
 23623 | Orc:1    | Entered Level 1 of the Orcish Mines
 23736 | Orc:1    | Found a runed translucent door.
 23737 | Orc:1    | Noticed Laemies's ghost (journeyman DsAK)
 24671 | Orc:1    | Killed Laemies's ghost
 24709 | Orc:2    | Entered Level 2 of the Orcish Mines
 24752 | Orc:2    | Identified the +3 chain mail of Tempters {-Cast +Blink
                  | rF+++ Dex-3 Stlth+} (Okawaru gifted it to you on level 2 of
                  | the Orcish Mines)
 24752 | Orc:2    | Received a gift from Okawaru
 25046 | Orc:2    | Found Rewizxogh's Book Shop.
 25303 | Orc:2    | Found Futecs's Armour Boutique.
 25670 | Orc:2    | Noticed an orc warlord
 25678 | Orc:2    | Killed an orc warlord
 26333 | Orc:2    | Noticed an orc warlord
 26416 | Orc:2    | Got the Catalogue of Calling and Feathers
 26506 | Orc:2    | Found a staircase to the Elven Halls.
 26685 | Orc:2    | Killed an orc warlord
 26699 | Orc:2    | Reached skill level 17 in Ranged Weapons
 26737 | Orc:2    | Found Ceyduinu's Magic Scroll Shop.
 26747 | Orc:2    | Bought a scroll of teleportation for 39 gold pieces
 26747 | Orc:2    | Bought a scroll of blinking for 97 gold pieces
 27036 | Orc:2    | Found Seczasm Wiff's Assorted Antiques.
 27045 | Orc:2    | Bought a scroll of enchant armour for 217 gold pieces
 27045 | Orc:2    | Bought a potion of curing for 87 gold pieces
 27045 | Orc:2    | Bought a potion of curing for 87 gold pieces
 27045 | Orc:2    | Bought 2 potions of heal wounds for 290 gold pieces
 27601 | Orc:1    | Noticed Harold
 27610 | Orc:1    | Killed Harold
 28472 | D:11     | Identified the +0 leather armour "Ocaburr" {rCorr}
 29153 | D:12     | Reached skill level 18 in Ranged Weapons
 29548 | D:13     | Noticed Lodul
 29743 | D:13     | Paralysed by Lodul for 5 turns
 29909 | D:13     | Killed Lodul
 29924 | D:13     | Received a gift from Okawaru
 29924 | D:13     | Found the +3 greatsling "Punk" {acid, rCorr}
 29964 | D:13     | Reached skill level 15 in Fighting
 30265 | D:13     | Identified the +5 scale mail "Xuduxoat" {+Inv Will+++ Dex-4
                  | Stlth-}
 30284 | D:13     | Found a gate to the Vaults.
 30284 | D:13     | Noticed Josephine
 30296 | D:13     | Killed Josephine
 30297 | D:13     | Reached XP level 16. HP: 108/108 MP: 24/24
 31543 | D:13     | Found a shadowy altar of Dithmenos.
 31943 | D:14     | Received a gift from Okawaru
 34011 | D:15     | Entered Level 15 of the Dungeon
 34024 | D:15     | Found a burning altar of Makhleb.
 34964 | D:15     | Received a gift from Okawaru
 35340 | D:15     | Found a staircase to the Depths.
 36004 | Spider:1 | Entered Level 1 of the Spider Nest
 36079 | Spider:1 | Found a runed translucent door.
 36086 | Spider:1 | Noticed Gipecil's ghost (adept MiFi)
 36254 | Spider:1 | You are sucked into a shaft and drop 1 floor!
 36460 | Spider:1 | Reached XP level 17. HP: 118/118 MP: 25/25
 37154 | Spider:2 | Identified the +5 scale mail "Suoblo" {rF+++ rC++ Dex-3}
 37207 | Spider:1 | HP: 4/118 [emperor scorpion (15)]
 38028 | Spider:2 | Received a gift from Okawaru
 38933 | Spider:3 | Identified the +7 longbow "Mawki" {venom, rElec rF- Str+6
                  | Stlth+} (Okawaru gifted it to you on level 3 of the Spider
                  | Nest)
 38933 | Spider:3 | Received a gift from Okawaru
 39018 | Spider:3 | Paralysed by a jorogumo for 1 turns
 39833 | Spider:3 | Reached skill level 19 in Ranged Weapons
 40444 | Spider:4 | Entered Level 4 of the Spider Nest
 40544 | Spider:4 | Upgraded the game from 0.29-a0-721-g7f417c9bbb to
                  | 0.29-a0-723-gce39da1c22
 40635 | Spider:4 | Succumbed to a redback's poison

Illustrated notes

Levels and vault maps discovered:
D:1:      saegor_arrival_simple_d, layout_basic,
          hellmonk_ecumenical_altar_lost_god, minmay_misc_feat_encased
D:2:      layout_basic, serial_shops, nicolae_shop_hallway_stairs
D:3:      layout_basic, mainiacjoe_overflow_small_starburst, serial_shops,
          nicolae_shop_hallway_plus, uniq_robin
D:4:      layout_basic, mainiacjoe_overflow_brackets, serial_shops,
          nicolae_shop_crystal, kennysheep_mini, shop, shop,
          nicolae_stop_n_shop_2, nicolae_shop_sticking_my_neck_out, uniq_duvessa
D:5:      layout_layer_cave, uniq_prince_ribbit1, uniq_eustachio, uniq_pikel
D:6:      layout_gridville, uniq_edmund
D:7:      layout_basic, tgw_kikubaaqudgha, minmay_temple_entry_trees
D:8:      corexii_shantytown, layout_basic, kennysheep_mini_moat, uniq_psyche
D:9:      layout_gridville, minmay_lair_entry_grove, serial_shops,
          nicolae_stop_n_shop_2, nicolae_elevator_lobby_asterisk
D:10:     layout_long_grid, mainiacjoe_overflow_surrounded_room,
          kennysheep_little_box, nicolae_overflow_hidden_temple, enter_bailey_2,
          hellmonk_ghost_happy_afterlife, uniq_amaemon, uniq_urug
D:11:     layout_stronghold, serial_demonic, serial_demonic_e, serial_demonic_d,
          serial_demonic_b, serial_demonic_e, serial_demonic_b,
          serial_demonic_b, serial_demonic_a
D:12:     layout_rooms, kennysheep_generic_room_3
D:13:     layout_rooms, lightli_vaults_fourway_checkpoint,
          chequers_serial_rivers_micro_e,
          nicolae_dithmenos_through_a_glass_darkly, uniq_lodul, uniq_josephine
D:14:     minmay_swirls_squares, layout_layer_cave,
          hangedman_decor_clover_reticule
D:15:     grunt_enter_depths_snipers, layout_basic, bloody_makhleb
Temple:   dshaligram_water_room_temple
Lair:1:   layout_roguey [special_room_bee], serial_bayou_shore_b,
          grunt_megastairs_2, infiniplex_staircase_pool_2, uniq_nergalle
Lair:2:   layout_chaotic_city, spider_nest_entry_funnel_web,
          serial_bayou_crossing
Lair:3:   nzn_winding_woodlands_stair_cross
          [nzn_winding_woodlands_5x15_sawtooth,
          nzn_winding_woodlands_center_garden,
          nzn_winding_woodlands_5x15_pockets, nzn_winding_woodlands_5x5_default,
          nzn_winding_woodlands_5x5_cross, nzn_winding_woodlands_5x15_crooked,
          nzn_winding_woodlands_center_lodge,
          nzn_winding_woodlands_5x15_jagged], layout_loops_ring
Lair:4:   layout_loops_ring, swamp_mist_pool
Lair:5:   layout_roguey, dpeg_slime_entry_corner, grunt_megastairs_3
Lair:6:   minmay_lair_end_enchanted_forest, layout_gridlike, grunt_megastairs_5
Spider:1: layout_chambers, ebering_ghost_reflecting_pool, drop_trap
Spider:2: layout_spider_delve, portal_ice_cave_entry_pillars_four,
          nicolae_spider_bzzzt
Spider:3: layout_spider_delve, nicolae_spider_shape
Spider:4: hellmonk_spider_rune_endless_swarm, drop_trap,
          hangedman_spider_tarantella_strand, uniq_arachne
Orc:1:    layout_caves, gammafunk_ghost_grave, bh_open_orc_temple, uniq_harold
Orc:2:    pubby_orc_utopia

Skill      XL: |  1  2  3  4  5  6  7  8  9 10 11 12 13 14 15 16 17 |
---------------+----------------------------------------------------+-----
Ranged Weapons | 5 6 7 9 11 12 15 16 18 19 | 19.5
Invocations    | 2 4 5 7 8 9 |  9.5
Dodging        | 5 8 11 13 15 16 17 18 | 18.0
Fighting       | 4 7 10 12 14 15 17 18 | 18.0
Stealth        | |  1.0

Action                   |  1- 3 |  4- 6 |  7- 9 | 10-12 | 13-15 | 16-18 || total
-------------------------+-------+-------+-------+-------+-------+-------++-------
Melee: Unarmed           |       |       |     5 |       |       |    28 ||    33
       Shortbow          |       |       |       |       |     1 |       ||     1
       Arbalest          |       |       |       |       |     9 |       ||     9
       Kick              |       |       |       |       |     4 |    16 ||    20
       Peck              |       |       |       |       |     4 |     7 ||    11
 Fire: Shortbow          |    79 |   153 |   384 |   962 |  1207 |       ||  2785
       Arbalest          |       |       |       |       |   592 |   865 ||  1457
       Longbow           |       |       |       |       |       |    15 ||    15
Throw: Throwing net      |       |       |     3 |     2 |       |       ||     5
Invok: Heroism           |       |       |       |     6 |     6 |     5 ||    17
       Finesse           |       |       |       |     4 |     6 |     3 ||    13
  Use: Scroll            |     2 |     6 |    11 |    11 |    14 |     4 ||    48
       Potion            |       |       |     2 |     2 |     1 |    12 ||    17
Armor: Leather armour    |     2 |     5 |    20 |       |       |       ||    27
       Skin              |       |       |     1 |       |       |       ||     1
       Steam dragon scal |       |       |    34 |    83 |    87 |    85 ||   289
Dodge: Dodged            |    14 |    30 |   126 |   404 |   882 |  1044 ||  2500

Table legend: (Time is in decaauts)
 A = Elapsed time spent in this place.
 B = Non-inter-level travel time spent in this place.
 C = Inter-level travel time spent in this place.
 D = Time resting spent in this place.
 E = Time spent auto-exploring this place.
 F = Levels seen in this place.
 G = Mean time per level.
                   A        B        C        D        E       F      G
               +--------+--------+--------+--------+--------+-----+--------+
         Total |  38055 |  35797 |   2258 |  14365 |  15199 |  29 | 1312.2 |
       Dungeon |  20783 |  19290 |   1493 |   7922 |   8393 |  15 | 1385.5 |
        Temple |     88 |     86 |      2 |      0 |     53 |   1 |   88.0 |
          Lair |   7779 |   7213 |    566 |   2253 |   3586 |   6 | 1296.5 |
   Spider Nest |   4418 |   4333 |     85 |   1926 |   1630 |   4 | 1104.5 |
  Orcish Mines |   4086 |   3975 |    111 |   1744 |   1335 |   2 | 2043.0 |
        Bailey |    899 |    899 |      0 |    520 |    199 |   1 |  899.0 |
               +--------+--------+--------+--------+--------+-----+--------+

Top non-repeatable levels by time:
   Orc:2: 2969 daAuts
    D:14: 2068 daAuts
     D:5: 2034 daAuts
Spider:3: 1958 daAuts
     D:9: 1953 daAuts
     D:8: 1935 daAuts
    D:12: 1868 daAuts
Spider:1: 1740 daAuts
    D:15: 1697 daAuts
  Lair:3: 1539 daAuts
  Lair:1: 1484 daAuts
  Lair:6: 1467 daAuts
     D:1: 1460 daAuts
    D:10: 1361 daAuts
  Lair:2: 1248 daAuts
